 Dungeon Crawl Stone Soup version 0.23.0 (webtiles) character file.

Game seed: 15937277573651084189

307 HunterAntonescu the Slasher (level 6, -8/48 HPs)
             Began as a Human Fighter on Feb 15, 2019.
             Mangled by a small abomination (9 damage)
             ... on level 1 of the Abyss on Feb 16, 2019.
             The game lasted 00:27:36 (2476 turns).

HunterAntonescu the Slasher (Human Fighter)         Turns: 2476, Time: 00:27:37

Health: -8/48      AC:  9    Str: 18    XL:     6   Next: 68%
Magic:  6/6        EV:  7    Int:  8    God:
Gold:   99         SH:  9    Dex: 13    Spells: 5/5 levels left

rFire    . . .     SeeInvis .   a - +0 long sword
rCold    . . .     Gourm    +   c - +0 shield
rNeg     . . .     Faith    .   b - +0 scale mail
rPois    .         Spirit   .   w - +0 helmet
rElec    .         Reflect  .   o - +0 cloak
rCorr    .         Harm     .   (no gloves)
MR       .....                  (no boots)
Stlth    ..........             n - amulet of the gourmand (curse)
HPRegen  0.16/turn              (no ring)
MPRegen  0.10/turn              (no ring)

@: no status effects
A: no striking features
a: no special abilities


You were on level 1 of the Abyss.
You were not hungry.

You visited 1 branch of the dungeon, and saw 3 of its levels.
You visited the Abyss 1 time.

You collected 99 gold pieces.

Inventory:

Hand Weapons
 a - a +0 long sword (weapon)
 u - a +2 whip of venom
 A - a +0 blowgun
 E - a +2 mace of protection
Missiles
 h - 4 tomahawks
 p - 5 javelins
 r - 7 curare-tipped needles
 t - 68 arrows
 z - 7 tomahawks of returning (quivered)
 B - 7 poisoned needles
Armour
 b - a +0 scale mail (worn)
 c - a +0 shield (worn)
 m - a +1 hat
 o - a +0 cloak (worn)
 w - a +0 helmet (worn)
 F - a +6 plate armour of ponderousness
Magical Staves
 D - a cursed staff of power {unknown}
Jewellery
 n - a cursed amulet of the gourmand (around neck)
Wands
 G - a wand of disintegration (8)
Scrolls
 g - 5 scrolls of enchant armour {unknown}
 i - 5 scrolls of identify {unknown}
 l - 3 scrolls of remove curse {unknown}
 q - 3 scrolls of noise {unknown}
 x - a scroll of random uselessness {unknown}
 y - a scroll of blinking {unknown}
Potions
 d - 2 potions of might
 e - 2 potions of lignification {unknown}
 j - a potion of curing {unknown}
 k - a potion of mutation {unknown}
 s - a potion of haste {unknown}
 v - a potion of agility {unknown}
 C - a potion of heal wounds {unknown}
Comestibles
 f - 3 rations


   Skills:
 + Level 3.8 Fighting
 + Level 4.3 Long Blades
 + Level 1.2 Throwing
 + Level 3.9 Armour
 + Level 1.1 Dodging
 + Level 0.2 Stealth
 + Level 3.8 Shields


You had 5 spell levels left.
You didn't know any spells.
Your spell library contained the following spells:

 Spells                   Type           Power        Failure   Level  Hunger
 Beastly Appendage        Tmut           #.....       99%         1    ##.....
 Sticks to Snakes         Tmut           #.......     100%        2    ###....
 Spider Form              Tmut/Pois      #.........   100%        3    ####...
 Ice Form                 Ice/Tmut       #.......     100%        4    #####..
 Blade Hands              Tmut           #.........   100%        5    ######.


Dungeon Overview and Level Annotations

Branches:
Dungeon (3/15)

Altars:
Cheibriados
Wu Jian

Annotations:
D:3 Crazy Yiuf


Message History

The small abomination is heavily damaged.
You slash the small abomination!
The small abomination is almost destroyed.
The small abomination hits you!
Your shield and scale mail prevent you from hitting the small abomination.
The small abomination is almost destroyed.
The small abomination closely misses you.
You riposte.
You closely miss the small abomination.
The small abomination is almost destroyed.
The small abomination hits you but does no damage.
Your shield prevents you from hitting the small abomination.
The small abomination is almost destroyed.
The small abomination hits you!
* * * LOW HITPOINT WARNING * * *
You hit the small abomination.
The small abomination is almost destroyed.
The small abomination hits you!
* * * LOW HITPOINT WARNING * * *
The small abomination hits you!
You die...

#####....#
.## ..#
#...#.####.#
... .
....#.## . #
.#..#.#.#.#
. .
....#.....#
###.#
##..#.#.#..
#.
#.#(#.#.##.#
#.x..#.... .
#.#@.#. ....
###.##
..#.## .#.
##..# .. ..
.# .#. ..#
.. .#.. ...
.# #. #.#.
.. .# ##..


You could see a small abomination.

Vanquished Creatures
  A centaur skeleton (D:2)
  An orc priest (D:3)
  Natasha (thrice) (D:2)
  4 gnolls (D:2)
  4 adders (D:2)
  2 oozes
  5 worms
  A leopard gecko (D:2)
  2 orcs (D:3)
  9 bats
  5 giant cockroaches
  6 hobgoblins
  4 jackals (D:2)
  8 kobolds
  A quokka (D:2)
  3 frilled lizards
  14 goblins
  6 rats
79 creatures vanquished.

Notes
Turn   | Place    | Note
-------+----------+-------------------------------------------
     0 | D:1      | HunterAntonescu the Human Fighter began the quest for the
                  | Orb.
     0 | D:1      | Reached XP level 1. HP: 18/18 MP: 1/1
   117 | D:1      | Reached XP level 2. HP: 20/24 MP: 2/2
   604 | D:2      | Reached XP level 3. HP: 19/29 MP: 3/3
   749 | D:2      | Reached skill level 3 in Long Blades
   751 | D:2      | Reached XP level 4. HP: 16/35 MP: 4/4
   899 | D:2      | Reached XP level 5. HP: 16/41 MP: 5/5
  1339 | D:2      | Found a faded altar of an unknown god.
  1383 | D:2      | Noticed Natasha
  1391 | D:2      | Killed Natasha
  1476 | D:2      | Noticed Natasha
  1484 | D:2      | Killed Natasha
  1484 | D:2      | Reached skill level 4 in Long Blades
  1521 | D:2      | Reached skill level 1 in Dodging
  1521 | D:2      | Reached XP level 6. HP: 43/47 MP: 6/6
  1689 | D:2      | Reached skill level 1 in Throwing
  1875 | D:2      | Noticed Natasha
  1888 | D:2      | Killed Natasha
  2087 | D:3      | Found a snail-covered altar of Cheibriados.
  2206 | D:3      | Found an ornate altar of the Wu Jian Council.
  2396 | D:3      | Found a runed translucent door.
  2397 | D:3      | Noticed Crazy Yiuf
  2405 | D:3      | Cast into level 1 of the Abyss (Crazy Yiuf)
  2476 | Abyss:1  | HP: 1/48 [small abomination (11)]
  2476 | Abyss:1  | Mangled by a small abomination

Skill      XL: |  1  2  3  4  5  6 |
---------------+-------------------+-----
Long Blades    | 3 4 |  4.3
Dodging        | 1 |  1.1
Throwing       | 1 |  1.2
Fighting       | |  3.8
Armour         | |  3.9
Stealth        | |  0.2
Shields        | |  3.8

Action                   |  1- 3 |  4- 6 || total
-------------------------+-------+-------++-------
Melee: Long sword        |    65 |   179 ||   244
Throw: Javelin           |     3 |    20 ||    23
       Tomahawk          |       |    28 ||    28
  Eat: Ration            |       |     2 ||     2
Armor: Scale mail        |    56 |    75 ||   131
Dodge: Dodged            |    24 |    49 ||    73
Block: Shield            |    44 |    97 ||   141
       Rpst.: Long sword |     4 |    19 ||    23
